 Dungeon Crawl Stone Soup version 0.29.0-15-g675c0067aa (webtiles) character file.

Game seed: 12558695069036064612

255 qw the Chopper (level 6, -2/37 HPs)
             Began as a Gargoyle Fighter on Sept 12, 2022.
             Frozen to death by an endoplasm (4 damage)
             ... on level 4 of the Dungeon.
             The game lasted 00:00:43 (2310 turns).

qw the Chopper (Gargoyle Fighter)                   Turns: 2310, Time: 00:00:44

Health: -2/37      AC: 12    Str: 21    XL:     6   Next: 15%
Magic:  6/6        EV:  9    Int:  9    God:
Gold:   47         SH:  4    Dex:  9    Spells: 5/5 levels left

rFire   . . .      SeeInvis .   Y - +0 war axe (freeze)
rCold   . . .      Faith    .   c - +0 buckler
rNeg    + . .      Spirit   .   b - +0 scale mail
rPois   inf        Reflect  .   (no helmet)
rElec   +          Harm     .   (no cloak)
rCorr   .          Rampage  +   (no gloves)
Will    .....                   g - +0 pair of boots {rampage}
Stlth   ..........              (no amulet)
HPRegen 0.12/turn               (no ring)
MPRegen 0.10/turn               (no ring)

@: no status effects
A: sickness immunity, AC +4, negative energy resistance 1, electricity
resistance, torment resistance 1, petrification resistance
a: no special abilities


You were on level 4 of the Dungeon.
You visited 1 branch of the dungeon, and saw 3 of its levels.

You collected 47 gold pieces.


Innate Abilities, Weirdness & Mutations

You are immune to sickness and miasma.
Your stone body is resilient. (AC +4)
You are immune to poison.
You resist negative energy. (rN+)
You are resistant to electric shocks. (rElec)
You are resistant to unholy torment.
You are immune to petrification.


   Skills:
 + Level 3.2 Fighting
 - Level 5.7 Axes
 - Level 3.2 Armour
 - Level 3.2 Shields


You had 5 spell levels left.
You didn't know any spells.
Your spell library was empty.

Inventory:

Hand Weapons
 e - a +0 whip
 Y - a +0 war axe of freezing (weapon)
Armour
 b - a +0 scale mail (worn)
 c - a +0 buckler (worn)
 f - a +2 kite shield
 g - a +0 pair of boots of rampaging (worn)
Scrolls
 a - a scroll of identify {unknown}
Potions
 d - a potion of might
 i - 2 potions of curing {unknown}
 k - a potion of lignification {unknown}

Dungeon Overview and Level Annotations

Branches:
Dungeon (2/15)

Altars:
Ru
The Shining One

Shops:
D:2 [


Message History

You barely miss Sigmund.
Sigmund is lightly wounded.
Sigmund zaps a wand.
The bolt of dispelling energy misses you.
You slash Sigmund! You freeze Sigmund.
Sigmund is severely wounded.
Sigmund barely misses you.
You barely miss Sigmund.
Sigmund is severely wounded.
Sigmund points at you and mumbles some strange words.
You are confused.
Sigmund hits you from afar with a +5 scythe of protection.
You bump into the rock wall.
You're too confused to move!
Sigmund zaps a wand.
The bolt of dispelling energy hits you!
Your magical effects are unravelling.
You bump into the rock wall.
You feel less confused.
Sigmund zaps a wand.
The bolt of dispelling energy misses you.
Sigmund gestures at you while chanting.
The magic dart hits you but does no damage.
You hit Sigmund. You freeze Sigmund.
Sigmund is severely wounded.
Sigmund zaps a wand.
The bolt of dispelling energy hits you. Sigmund barely misses you.
You slash Sigmund! You freeze Sigmund.
You kill Sigmund!
The goblin unwields a +0 club.
The goblin wields a +0 sling.
The goblin shoots a sling bullet.
The sling bullet barely misses you.
Your Axes skill increases to level 5!
You have reached level 5!
You have reached level 6!
The goblin unwields a +0 sling.
The goblin wields a +0 club.
The goblin barely misses you.
Items here: % ) / [.
You slash the goblin! You freeze the goblin.
You kill the goblin!
The endoplasm freezes you.
You are frozen.
You die...

#.## ##.# # ##.######
###..#..##)...
#.........)###
#.#.#.#.###...
#.#.....###.##
..#########.###.........
......J@.##.# #######.##
..######.##.### #.#
#.##...### #.#
#.##.....# #.#
#.##.#.#.#####.##
#............).#.
####.#.#.######.#
.......#####.##
####..........#


You could see an endoplasm.

Vanquished Creatures
  Sigmund (D:4)
  An orc wizard (D:4)
  An adder (D:2)
  A worm (D:2)
  2 dart slugs (D:1)
  3 orcs (D:4)
  An endoplasm (D:1)
  2 giant cockroaches (D:2)
  4 goblins
  5 hobgoblins (D:1)
  3 quokkas
  3 ball pythons
  5 bats
  A frilled lizard (D:1)
  9 kobolds
  7 rats
49 creatures vanquished.

Vanquished Creatures (others)
  2 plants (D:1)
2 creatures vanquished.

Grand Total: 51 creatures vanquished

Notes
Turn   | Place    | Note
-------+----------+-------------------------------------------
     0 | D:1      | qw the Gargoyle Fighter began the quest for the Orb.
     0 | D:1      | Reached XP level 1. HP: 14/14 MP: 1/1
     0 | D:1      | 0 ||| qw: Version: 0.1-a-119-g272c26d
     0 | D:1      | 0 ||| qw: Game counter: 10980
     0 | D:1      | 0 ||| qw: Always use a shield: true
     0 | D:1      | 0 ||| qw: God list: Okawaru
     0 | D:1      | 0 ||| qw: Allow faded altars: false
     0 | D:1      | 0 ||| qw: Do Orc after D:15 true
     0 | D:1      | 0 ||| qw: Do second Lair branch before Depths: true
     0 | D:1      | 0 ||| qw: Lair rune preference: random
     0 | D:1      | 0 ||| qw: Plans: Normal, Zot, God:TSO, Crypt, Tomb, Pan,
                  | Slime, Hells, Zig, Abyss, Orb
     0 | D:1      | 0 ||| PLANNING D:1-11
    85 | D:1      | Reached skill level 2 in Axes
   256 | D:1      | Reached XP level 2. HP: 19/19 MP: 2/2
   345 | D:1      | 345 ||| Stepping ~*~*~tactically~*~*~ (hiding).
   692 | D:1      | Reached skill level 3 in Axes
   976 | D:1      | Reached XP level 3. HP: 21/23 MP: 3/3
  1094 | D:1      | Found a faded altar of an unknown god.
  1381 | D:1      | 1381 ||| UPGRADING to +0 pair of boots of rampaging.
  1386 | D:1      | 1386 ||| READING scroll labelled UKEMIN XEDATI.
  1487 | D:1      | 1487 ||| READING scroll labelled CIPYNIC LAPAHI.
  1488 | D:1      | 1488 ||| READING scroll labelled XOCWIRAARU.
  1489 | D:1      | 1489 ||| READING scroll labelled WOTON URIFADGH.
  1500 | D:2      | 1500 ||| Stepping ~*~*~tactically~*~*~ (stealth).
  1501 | D:2      | 1501 ||| Stepping ~*~*~tactically~*~*~ (stealth).
  1502 | D:2      | 1502 ||| Stepping ~*~*~tactically~*~*~ (stealth).
  1503 | D:2      | 1503 ||| Stepping ~*~*~tactically~*~*~ (stealth).
  1550 | D:2      | 1550 ||| Stepping ~*~*~tactically~*~*~ (stealth).
  1646 | D:2      | Found a sacrificial altar of Ru.
  1722 | D:2      | 1722 ||| Stepping ~*~*~tactically~*~*~ (stealth).
  1777 | D:2      | Found Jybluoz's Armour Emporium.
  1786 | D:2      | 1786 ||| SHOPLISTING +2 chain mail of fire resistance (215
                  | gold, have 38).
  1786 | D:2      | 1786 ||| SHOPLISTING +3 scale mail of willpower (260 gold,
                  | have 38).
  1945 | D:2      | You fall into a shaft and drop 2 floors!
  1977 | D:4      | 1977 ||| Stepping ~*~*~tactically~*~*~ (hiding).
  1983 | D:4      | Reached XP level 4. HP: 10/28 MP: 4/4
  1984 | D:4      | Reached skill level 4 in Axes
  2246 | D:4      | Found a glowing golden altar of the Shining One.
  2291 | D:4      | Noticed Sigmund
  2292 | D:4      | 2292 ||| Stepping ~*~*~tactically~*~*~ (hiding).
  2304 | D:4      | HP: 5/28 [Sigmund/bolt of dispelling energy (9)]
  2307 | D:4      | HP: 1/28 [Sigmund/bolt of dispelling energy (4)]
  2308 | D:4      | Killed Sigmund
  2309 | D:4      | Reached skill level 5 in Axes
  2309 | D:4      | Reached XP level 5. HP: 1/32 MP: 5/5
  2309 | D:4      | Reached XP level 6. HP: 1/37 MP: 6/6
  2310 | D:4      | Frozen to death by an endoplasm

Levels and vault maps discovered:
D:1:      elethiomel_arrival_maze, layout_basic,
          shapermc_ecumenical_altar_acropolis, minmay_crystal_room,
          minmay_bisected
D:2:      layout_basic, serial_shops, shop, basic_altar, grunt_ministairs_4,
          nicolae_concentric_dashed_squares_mild, minmay_misc_feat_square
D:4:      layout_loops_ring, nicolae_tso_swordbearing_angel,
          minmay_temple_entry_offerings, uniq_sigmund

Skill      XL: |  1  2  3  4 |
---------------+-------------+-----
Axes           | 2 3 5 |  5.7
Fighting       | |  3.2
Armour         | |  3.2
Shields        | |  3.2

Action                   |  1- 3 |  4- 6 || total
-------------------------+-------+-------++-------
Melee: War axe           |   119 |    21 ||   140
  Use: Scroll            |     4 |       ||     4
Armor: Scale mail        |    60 |     8 ||    68
Dodge: Dodged            |    48 |    14 ||    62
Block: Buckler           |    15 |     1 ||    16

Table legend:
 A = Non-vault XP
 B = Vault XP
 C = Vault XP percentage of total XP
 D = Non-vault monster count
 E = Vault monster count
 F = Vault count percentage of total count
                 A         B        C        D         E       F
            +---------+---------+-------+---------+---------+-------
      Total |     125 |     242 |  65.9 |      45 |       4 |   8.2
            +---------+---------+-------+---------+---------+-------
        D:1 |      42 |       3 |   6.7 |      24 |       3 |  11.1
        D:2 |      34 |       0 |   0.0 |      14 |       0 |   0.0
        D:4 |      49 |     239 |  83.0 |       7 |       1 |  12.5
            +---------+---------+-------+---------+---------+-------
